 Dungeon Crawl Stone Soup version 0.25.0-33-gff14898491 (webtiles) character file.

Game seed: 11237120649861986570

55 Revguard the Charmwright (level 3, -1/33 HPs)
             Began as an Ogre Skald on July 7, 2020.
             Was an Initiate of Hepliaklqana.
             Splashed by Ijyb's acid (12 damage)
             ... on level 3 of the Dungeon.
             The game lasted 00:08:26 (2692 turns).

Revguard the Charmwright (Ogre Skald)               Turns: 2692, Time: 00:08:29

Health: -1/33      AC:  3    Str: 15    XL:     3   Next: 93%
Magic:  7/7        EV: 10    Int: 14    God:    Hepliaklqana [......]
Gold:   52         SH:  0    Dex:  9    Spells: 2/7 levels left

rFire    . . .     SeeInvis .   a - +0 mace
rCold    . . .     Gourm    .   (no shield)
rNeg     . . .     Faith    .   b - +0 robe
rPois    .         Spirit   .   (helmet restricted)
rElec    .         Reflect  .   (no cloak)
rCorr    .         Harm     .   (gloves unavailable)
MR       .....                  (boots unavailable)
Stlth    +.........             (no amulet)
HPRegen  0.11/turn              (no ring)
MPRegen  0.10/turn              (no ring)

@: no status effects
A: large, unfitting armour, reduced essence, tough skin 1
a: Recall Ancestor, Ancestor Identity, Renounce Religion


You were on level 3 of the Dungeon.
You worshipped Hepliaklqana.
Hepliaklqana was noncommittal.
You were not hungry.

You visited 1 branch of the dungeon, and saw 3 of its levels.

You collected 52 gold pieces.

Inventory:

Hand Weapons
 a - a +0 mace (weapon)
Missiles
 e - 4 curare-tipped darts (quivered)
 j - 3 large rocks
Armour
 b - a +0 robe (worn)
Scrolls
 f - a scroll of identify {unknown}
 g - 4 scrolls of remove curse {unknown}
 h - 2 scrolls of teleportation {unknown}
 k - a scroll of fear {unknown}
 l - a scroll of enchant weapon {unknown}
Potions
 c - a potion of degeneration {unknown}
 i - a potion of berserk rage {unknown}
Comestibles
 d - 6 rations
 m - 5 chunks of flesh


   Skills:
 + Level 3.1 Fighting
 + Level 2.3 Maces & Flails
 + Level 2.5 Dodging
 * Level 2.8 Spellcasting
 * Level 3.3 Charms


You had 2 spell levels left.
You knew the following spells:

 Your Spells              Type           Power        Failure   Level  Hunger
a - Infusion              Chrm           ##..         5%          1    #......
b - Song of Slaying       Chrm           ##......     9%          2    ##.....
c - Shroud of Golubria    Chrm/Tloc      #.....       17%         2    ##.....

Your spell library contained the following spells:

 Spells                   Type           Power        Failure   Level  Hunger
 Ozocubu's Armour         Chrm/Ice       #.......     32%         3    ###....
 Spectral Weapon          Hex/Chrm       #.......     32%         3    ###....


Dungeon Overview and Level Annotations

Branches:
Dungeon (3/15)

Altars:
Hepliaklqana

Annotations:
D:3 Ijyb


Innate Abilities, Weirdness & Mutations

You are too large for most types of armour.
You have tough skin. (AC +1)
Your life essence is reduced to manifest your ancestor. (-10% HP)


Message History

You hit Ijyb but do no damage.
Demetirus hits Ijyb but does no damage.
Ijyb completely misses you.
Demetirus hits Ijyb.
Ijyb screams, "Die!"
Ijyb hits you.
You hit Ijyb but do no damage.
Ijyb is lightly wounded.
Ijyb completely misses you.
Demetirus hits Ijyb.
You barely miss Ijyb.
Ijyb is moderately wounded.
Ijyb hits you but does no damage.
Demetirus barely misses Ijyb.
You hit Ijyb.
Ijyb is moderately wounded.
Demetirus hits Ijyb.
Ijyb barely misses you.
You closely miss Ijyb.
Ijyb is heavily wounded.
Demetirus hits Ijyb but does no damage.
Ijyb zaps a wand.
The bolt of acid hits you!
Ouch! That really hurt!
You are splashed with acid!
You die...

# . #. #. #
#.####.#
#####......#
......g@#
.######R# #.# #.#
#.# #.# #.# #.#
#<# #.# ### #.#
#.# #######.##
#.####.#
.........#
####......#####.#


You could see the friendly Demetirus the ancestor and Ijyb.

Vanquished Creatures
  An adder (D:3)
  A worm (D:2)
  2 dart slugs
  A leopard gecko (D:2)
  2 ball pythons
  A giant cockroach (D:1)
  5 goblins
  3 hobgoblins
  2 jackals (D:3)
  2 kobolds (D:1)
  A quokka (D:2)
  2 bats (D:1)
  5 frilled lizards
  A jackal skeleton (D:2)
  4 rats
33 creatures vanquished.

Vanquished Creatures (collateral kills)
  A quokka (D:3)
  A bat (D:3)
  A frilled lizard (D:3)
3 creatures vanquished.

Grand Total: 36 creatures vanquished

Notes
Turn   | Place    | Note
-------+----------+-------------------------------------------
     0 | D:1      | Revguard the Ogre Skald began the quest for the Orb.
     0 | D:1      | Reached XP level 1. HP: 22/22 MP: 3/3
   171 | D:1      | Reached XP level 2. HP: 29/29 MP: 3/5
   177 | D:1      | Learned a level 2 spell: Song of Slaying
   180 | D:1      | Learned a level 2 spell: Shroud of Golubria
  1242 | D:2      | Reached XP level 3. HP: 32/36 MP: 6/6
  2311 | D:2      | Found a hazy altar of Hepliaklqana.
  2465 | D:2      | Became a worshipper of Hepliaklqana the Forgotten
  2683 | D:3      | Noticed Ijyb
  2692 | D:3      | Splashed by Ijyb's acid

Illustrated notes

Levels and vault maps discovered:
D:1:      saegor_arrival_simple_e, layout_basic
D:2:      layout_loops_ring, lemuel_doored_altar
D:3:      layout_loops_ring, cheibrodos_sewer_entry_drain, first_ration,
          uniq_ijyb, uniq_terence

Skill      XL: |  1  2  3 |
---------------+----------+-----
Charms         | 3 |  3.3
Maces & Flails | 2 |  2.3
Fighting       | 3 |  3.1
Dodging        | |  2.5
Spellcasting   | |  2.8

Action                   || total
-------------------------++-------
Melee: Mace              ||   155
Throw: Dart              ||     1
  Eat: Chunk             ||     6
Armor: Robe              ||    37
Dodge: Dodged            ||    96
